 Dungeon Crawl Stone Soup version 0.24.0-13-gcf9b319 (webtiles) character file.

Game seed: 7979622346487946616, levelgen mode: deterministic

329 Inchmeat the Cleaver (level 6, -1/50 HPs)
             Began as a Hill Orc Gladiator on Dec 16, 2019.
             Was a Follower of Zin.
             Slain by an orc
             ... wielding a +0 hand axe
              (3 damage)
             ... in the Ecumenical Temple.
             The game lasted 00:04:37 (3511 turns).

Inchmeat the Cleaver (Hill Orc Gladiator)           Turns: 3511, Time: 00:04:37

Health: -1/50      AC: 16    Str: 19    XL:     6   Next: 50%
Magic:  6/6        EV: 11    Int:  8    God:    Zin [*.....]
Gold:   109        SH:  0    Dex: 15    Spells: 5/5 levels left

rFire    . . .     SeeInvis .   t - +2 morningstar (protect)
rCold    . . .     Gourm    .   (no shield)
rNeg     . . .     Faith    +   u - +0 scale mail
rPois    .         Spirit   .   c - +1 helmet
rElec    .         Reflect  .   (no cloak)
rCorr    .         Harm     .   q - +0 pair of gloves
MR       .....                  (no boots)
Stlth    ..........             s - amulet of faith
HPRegen  0.16/turn              e - +3 ring of dexterity
MPRegen  0.10/turn              (no ring)

@: protection aura
A: no striking features
a: Recite, Donate Gold, Renounce Religion, Convert to Beogh


You were in the Ecumenical Temple.
You worshipped Zin.
Zin was aware of your devotion.
You were very hungry.

You visited 2 branches of the dungeon, and saw 5 of its levels.

You collected 121 gold pieces.
You donated 12 gold pieces to Zin.

Inventory:

Hand Weapons
 a - a +0 war axe
 t - a +2 morningstar of protection (weapon)
Missiles
 d - 3 throwing nets (quivered)
Armour
 b - a +0 leather armour
 c - a +1 helmet (worn)
 l - a +1 ring mail of fire resistance
 q - a +0 pair of gloves (worn)
 u - a +0 scale mail (worn)
Jewellery
 e - a +3 ring of dexterity (left hand)
 s - an amulet of faith (around neck)
Scrolls
 h - 7 scrolls of identify {@r1}
 i - 2 scrolls of remove curse {@r2}
 p - a scroll of teleportation
 r - a scroll of enchant armour
 v - 2 scrolls of immolation {unknown}
Potions
 g - a potion of might {unknown}
 j - a potion of lignification
 k - a potion of flight {unknown}
 m - a potion of resistance {unknown}
 o - a potion of degeneration {unknown}
Comestibles
 f - 6 rations


   Skills:
 - Level 2.4 Fighting
 - Level 8.6(8.9) Axes
 + Level 2.6(5.3) Maces & Flails
 - Level 1.7 Throwing
 - Level 2.4 Dodging


You had 5 spell levels left.
You didn't know any spells.
Your spell library contained the following spells:

 Spells                   Type           Power        Failure   Level  Hunger
 Corona                   Hex            #......      80%         1    ##.....
 Ensorcelled Hibernation  Hex/Ice        #.....       91%         2    ###....
 Confuse                  Hex            #.......     99%         3    ####...
 Dazzling Spray           Conj/Hex       #.....       99%         3    ####...
 Tukima's Dance           Hex            #.......     99%         3    ####...


Dungeon Overview and Level Annotations

Branches:
Dungeon (4/15)             Temple (1/1) D:4

Altars:
Ashenzari
Cheibriados
Makhleb
Okawaru
Ru
Vehumet
Xom
Zin
The Shining One


Message History

Tha orc hits ye but does nay damage.
Tha orc priest hits ye but does nay damage.
Tha orc priest calls down tha wrath o' Beogh upon ye.
Beogh smites ye!
Tha orc priest calls upon Beogh ta heal tha orc priest.
Tha orc priest be healed somewhat.
Ye barely miss tha orc priest.
Tha orc priest be severely wounded.
Tha orc hits ye wit' a +0 hand axe.
Tha orc priest invokes tha aid o' Beogh against ye.
Beogh smites ye!
* * * LOW HITPOINT WARNIN'
* * * Tha orc priest barely misses ye.
Tha orc hits ye but does nay damage.
Ye closely miss tha orc priest.
Tha orc priest be severely wounded.
Tha orc priest closely misses ye. x2; Tha orc hits ye but does nay damage.
Ye puncture tha orc priest!
Ye kill tha orc priest!
Tha orc priest barely misses ye.
Tha orc hits ye wit' a +0 hand axe.
Ye die...

##.......#
#P.......+
##.......#
#.......##
##.......###
#.........####
#............#
##...o........
#....@o......
##...).......
###≈≈≈≈≈≈≈≈#
####≈≈≈###
####


You could see an orc priest and an orc.

Vanquished Creatures
  A howler monkey (D:4)
  3 orc priests
  2 orc wizards (D:4)
  2 adders (D:2)
  A shadow imp (D:4)
  An ooze (D:2)
  An adder skeleton (D:4)
  A worm (D:2)
  5 dart slugs
  A leopard gecko (D:1)
  15 orcs
  7 bats
  8 giant cockroaches
  5 goblins
  8 hobgoblins
  2 jackals (D:2)
  8 kobolds
  3 quokkas
  3 frilled lizards
  7 rats
84 creatures vanquished.

Notes
Turn   | Place    | Note
-------+----------+-------------------------------------------
     0 | D:1      | Inchmeat the Hill Orc Gladiator began the quest for the
                  | Orb.
     0 | D:1      | Reached XP level 1. HP: 18/18 MP: 1/1
    96 | D:1      | Reached XP level 2. HP: 20/25 MP: 2/2
   235 | D:1      | Reached skill level 5 in Axes
   295 | D:1      | Reached XP level 3. HP: 23/30 MP: 3/3
   847 | D:2      | Reached skill level 6 in Axes
   953 | D:2      | Reached XP level 4. HP: 37/37 MP: 4/4
  1113 | D:2      | Found a faded altar of an unknown god.
  1113 | D:2      | Found a sacrificial altar of Ru.
  1120 | D:2      | Found an iron altar of Okawaru.
  1124 | D:2      | Found a faded altar of an unknown god.
  1126 | D:2      | Found a shimmering altar of Xom.
  1692 | D:3      | Found a snail-covered altar of Cheibriados.
  1703 | D:3      | Reached skill level 7 in Axes
  1818 | D:3      | Reached XP level 5. HP: 18/42 MP: 5/5
  2684 | D:4      | Reached skill level 8 in Axes
  2689 | D:4      | Found a shattered altar of Ashenzari.
  2732 | D:4      | Reached skill level 1 in Maces & Flails
  2765 | D:4      | Reached XP level 6. HP: 46/50 MP: 6/6
  2906 | D:4      | Found a staircase to the Ecumenical Temple.
  3357 | Temple   | Entered the Ecumenical Temple
  3438 | Temple   | Became a worshipper of Zin the Law-Giver
  3438 | Temple   | Reached * piety under Zin
  3509 | Temple   | HP: 2/50 [orc priest/divine providence (14)]
  3511 | Temple   | Slain by an orc

Levels and vault maps discovered:
D:1:      minmay_arrival_three_doors, layout_rooms,
          chequers_serial_rivers_micro_d
D:2:      layout_basic, chequers_temple_overflow_minitemple, first_ration
D:3:      layout_basic, nicolae_overflow_crystal_walls
D:4:      layout_basic, kennysheep_little_box, minmay_temple_entry_hall,
          cheibrodos_ashenzari_chains
Temple:   minmay_temple_curvy_loop

Skill      XL: |  1  2  3  4  5  6 |
---------------+-------------------+-----
Axes           | 5 6 7 8 |  8.6
Maces & Flails | 1 2 |  2.6
Fighting       | |  2.4
Throwing       | |  1.7
Dodging        | |  2.4

Action                   |  1- 3 |  4- 6 || total
-------------------------+-------+-------++-------
Melee: War axe           |    87 |    76 ||   163
       Morningstar       |       |    41 ||    41
Invok: Recite            |       |     1 ||     1
  Use: Potion            |       |     3 ||     3
       Scroll            |       |     8 ||     8
  Eat: Chunk             |       |     7 ||     7
Armor: Leather armour    |    18 |       ||    18
       Ring mail         |    18 |    42 ||    60
       Skin              |       |    17 ||    17
       Scale mail        |       |    16 ||    16
Dodge: Dodged            |    63 |    74 ||   137
